 Dungeon Crawl Stone Soup version 0.27-a0-1189-gb8eb6cee8e (webtiles) character file.

Game seed: 9141811385574061201

59497 raumwalross the Thaumaturge (level 15, -7/107 HPs)
             Began as a Djinni Fire Elementalist on May 23, 2021.
             Was a High Priest of Makhleb.
             Killed by an exploding ball lightning (29 damage)
             ... on level 11 of the Dungeon.
             The game lasted 03:09:20 (26724 turns).

raumwalross the Thaumaturge (DjFE)                 Turns: 26724, Time: 03:09:20

Health: -7/107     AC: 11    Str:  7    XL:     15   Next: 34%
Gold:   1141       EV: 17    Int: 32    God:    Makhleb [*****.] SH:  0 Dex: 19

rFire    + + .     SeeInvis .   d - +0 falchion (protect)
rCold    x . .     Faith    .   (no shield)
rNeg     . . .     Spirit   .   L - +0 acid dragon scales
rPois    ∞         Reflect  .   y - +0 helmet
rElec    .         Harm     .   (no cloak)
rCorr    +         Rampage  .   e - +1 pair of gloves
Will     +....                  (boots unavailable)
Stlth    ++........             C - amulet of regeneration
HPRegen  1.27/turn              m - +6 ring of dexterity
MPRegen  0.00/turn              S - ring "Arya" {Wiz Int+8}

@: flying, studying Maces & Flails
A: sickness immunity, fire resistance 2, cold vulnerability 1, float, innate
caster, hp casting, extra vitality 1
a: Renounce Religion, Minor Destruction, Lesser Servant of Makhleb, Major
Destruction, Greater Servant of Makhleb


You were on level 11 of the Dungeon.
You worshipped Makhleb.
Makhleb was extremely pleased with you.
You visited 3 branches of the dungeon, and saw 18 of its levels.
You also visited: Sewer.

You collected 1141 gold pieces.

Inventory:

Hand Weapons
 d - a +0 falchion of protection (weapon)
 x - a +1 whip of freezing
Armour
 e - a +1 pair of gloves (worn)
 y - a +0 helmet (worn)
 L - +0 acid dragon scales (worn)
Jewellery
 m - a +6 ring of dexterity (left hand)
 w - a ring of see invisible
 C - an amulet of regeneration (around neck)
 N - a ring of ice
 S - the ring "Arya" (right hand) {Wiz Int+8}
   (You found it on level 3 of the Lair of Beasts)

   [ring of wizardry]

   It improves your spell success rate.
   It affects your intelligence (+8).
Wands
 g - a wand of flame (66)
 F - a wand of mindburst (33)
 H - a wand of paralysis (13)
 P - a wand of iceblast (8)
Scrolls
 b - 3 scrolls of enchant weapon
 j - 3 scrolls of torment
 l - a scroll of teleportation
 u - a scroll of enchant armour
 B - a scroll of holy word
 G - 2 scrolls of summoning
 J - a scroll of fog
 X - 2 scrolls of fear
Potions
 c - 6 potions of might
 i - a potion of haste
 n - 5 potions of flight
 o - 8 potions of heal wounds
 p - a potion of resistance
 r - 8 potions of curing
 s - 4 potions of brilliance
 v - a potion of berserk rage
 z - a potion of attraction {unknown}
 A - 2 potions of cancellation
 I - 3 potions of lignification
 K - a potion of magic {unknown}
 M - a potion of mutation {unknown}
 T - 3 potions of ambrosia {unknown}


   Skills:
 - Level 10.1 Fighting
 - Level 8.7 Maces & Flails
 - Level 7.1 Armour
 - Level 10.4 Dodging
 - Level 1.5 Stealth
 + Level 14.8 Spellcasting


You had 3 spell levels left.
You knew the following spells:

 Your Spells              Type           Power      Damage    Failure   Level
a - Foxfire               Conj/Fire      100%       2x1d9     0%          1
b - Conjure Flame         Conj/Fire      87%        6-21      0%          3
c - Inner Flame           Hex/Fire       87%        N/A       0%          3
d - Sticky Flame          Conj/Fire      87%        2d10      1%          4
e - Fireball              Conj/Fire      43%        3d17      1%          5
f - Summon Small Mammal   Summ           100%       N/A       0%          1
g - Static Discharge      Conj/Air       87%        N/A       0%          2
h - Searing Ray           Conj           100%       3d7       0%          2
i - Tukima's Dance        Hex            87%        N/A       0%          3
j - Yara's Violent Unrav  Hex/Tmut       43%        3d17      1%          5
k - Agony                 Necr           87%        N/A       1%          5
l - Conjure Ball Lightni  Conj/Air       43%        3x3d15    1%          6
Your spell library was empty.

Dungeon Overview and Level Annotations

Branches:
Dungeon (11/15)            Temple (1/1) D:7            Lair (6/6) D:10
 Shoals (0/4) Lair:3       Spider (0/4) Lair:4        Slime (0/5) Lair:5
  Sewer (visited)
    Orc: D:9-12

Altars:
Ashenzari
Cheibriados
Dithmenos
Elyvilon
Fedhas
Gozag
Hepliaklqana
Kikubaaqudgha
Makhleb
Nemelex Xobeh
Okawaru
Qazlal
Ru
Sif Muna
Trog
Uskayaw
Vehumet
Wu Jian
Xom
Yredelemnul
Zin
The Shining One

Annotations:
D:11 Erolcha
Lair:5 Kirke


Innate Abilities, Weirdness & Mutations

You are immune to sickness and miasma.
You are immune to poison.
Your flesh is very heat resistant. (rF++)
You are vulnerable to cold. (rC-)
You float through the air rather than walking.
You learn spells naturally, not from books.
Your magical power is your life essence.
You have superior vitality. (+4 HP)


Message History

You are engulfed in blazing flames.
You resist.
Your quokka bites Erolcha but does no damage.
Erolcha points at you and mumbles some strange words.
Your quokka is devoured by a tear in reality.
Casting: Fireball (safe; 1% risk of failure)
Confirm with . or Enter, or press ? or * to list all spells.
Aiming: Fireball (safe; 1% risk of failure)
Press: ? - help, Shift-Dir - straight line, f - Erolcha
Aim: Erolcha, wielding a +0 giant club and wearing a +0 robe (translocational energy)
The fireball explodes!
The fireball engulfs Erolcha.
Erolcha is lightly wounded.
You hear a shout!
Casting: Fireball (safe; 1% risk of failure)
Confirm with . or Enter, or press ? or * to list all spells.
You create some ball lightning! 3 ball lightnings come into view.
Unknown command.
Casting: Conjure Ball Lightning (mildly dangerous; 1% risk of failure)
Confirm with . or Enter, or press ? or * to list all spells.
Aiming: Fireball (safe; 1% risk of failure)
Press: ? - help, Shift-Dir - straight line, f/p - Erolcha
Aim: Erolcha, wielding a +0 giant club and wearing a +0 robe (lightly wounded, ally target)
The fireball explodes!
The fireball engulfs Erolcha!!
Erolcha is severely wounded.
You hear a shout!
Erolcha mumbles some strange words.
Erolcha blinks!
Unknown command.
Erolcha casts a spell at herself.
Erolcha flickers and vanishes!
Deactivating autopickup; reactivate with Ctrl-A.
You swap places.
Your ball lightning explodes!
The blast of lightning engulfs you!!
Your ball lightning explodes!
The blast of lightning engulfs you!!
* * * LOW HITPOINT WARNING * * *
Your ball lightning explodes!
The blast of lightning engulfs you!!
You die...

#.# ####.##.....# ##.#
#.....#### #..#
####....#### . ###.##
##.#.<..#.. #....#
###.##......
#....########...........
#..................<....
#....##...>.##.##:###.##
#[(..##@######. #. .#
.....[.....# #. ..# #
#.#.......○.# ...
._...#.#°§^☼# ..#.
#.#.##...☼.°# ...#. #.#.
#...§°§# #.##..
......... ...#....##
........#


There were no monsters in sight!

Vanquished Creatures
  Nessos (Lair:6)
  The ghost of Leupn the Thaumaturge, a journeyman GnSk of Okawaru (Lair:3)
  The ghost of Kiguq the Scholar, a journeyman VSSu of Sif Muna (Lair:5)
  2 boulder beetles
  Harold (D:7)
  6 hydras
  Erica (D:9)
  5 death yaks (Lair:6)
  Nergalle (D:11)
  An ugly thing (D:8)
  The ghost of Froggeryz the Martial Artist, a novice DsGl of Wu Jian (D:7)
  10 oklob plants
  5 black mambas
  21 elephants
  9 cane toads
  A torpor snail (Lair:4)
  An unseen horror (D:10)
  Psyche (D:11)
  11 rime drakes
  13 komodo dragons
  A demonic crawler (Lair:4)
  A troll (D:9)
  11 polar bears
  A hornet (D:8)
  9 blink frogs
  3 raiju (Lair:6)
  A dream sheep (Lair:6)
  Sigmund (D:4)
  A shadow (D:9)
  A wraith (D:11)
  A wyvern (Lair:3)
  40 yaks
  4 basilisks
  Grum (D:10)
  2 steam dragons
  3 hogs (Lair:6)
  6 wargs (Lair:6)
  A hydra simulacrum (Lair:3)
  2 acid dragons
  12 hell hounds (Lair:6)
  15 water moccasins
  5 orc warriors
  13 black bears
  2 ice beasts
  A necrophage (D:5)
  An ogre (D:6)
  A hornet zombie (D:7)
  21 wolves
  2 centaurs
  A phantom (D:6)
  5 kobold brigands
  11 bullfrogs
  A gnoll sergeant (D:10)
  6 scorpions
  A water moccasin zombie (D:5)
  A water moccasin skeleton (D:6)
  A dream sheep simulacrum (Lair:3)
  11 wights
  2 electric eels (Lair:3)
  A rime drake simulacrum (Lair:3)
  A howler monkey (D:7)
  3 hounds
  A komodo dragon simulacrum (Lair:3)
  3 centaur zombies
  A gnoll shaman (D:8)
  7 orc priests
  A jelly (D:5)
  2 water moccasin simulacra (Lair:3)
  An iguana (D:5)
  Terence (D:3)
  6 orc wizards
  A scorpion zombie (D:4)
  A centaur simulacrum (D:9)
  2 hound zombies (D:4)
  A hound skeleton (D:4)
  3 howler monkey zombies
  4 adders
  14 gnolls
  A shadow imp (D:6)
  2 white imps (D:6)
  2 adder skeletons (D:4)
  An adder zombie (D:4)
  4 worms
  A dart slug (D:3)
  25 orcs
  7 endoplasms
  8 giant cockroaches
  9 goblins
  10 hobgoblins
  2 jackals (D:1)
  21 kobolds
  4 quokkas
  7 ball pythons
  5 bats
  14 frilled lizards
  5 rats
  A bush (Lair:6)
  A plant (Lair:6)
480 creatures vanquished.

Vanquished Creatures (collateral kills)
  A bullfrog (Lair:4)
  A howler monkey (D:10)
  An orc (D:9)
  4 kobolds
  A quokka (D:6)
  3 ball lightnings (Lair:6)
  4 foxfires
15 creatures vanquished.

Vanquished Creatures (others)
  An orc wizard (D:4)
  20 ball lightnings (Lair:6)
  513 foxfires
  51 fungi
  109 plants
  5 withered plants (D:4)
699 creatures vanquished.

Grand Total: 1194 creatures vanquished

Notes
Turn   | Place    | Note
-------+----------+-------------------------------------------
     0 | D:1      | raumwalross the Djinni Fire Elementalist began the quest
                  | for the Orb.
     0 | D:1      | Reached XP level 1. HP: 15/15 MP: 0/0
   238 | D:1      | Reached XP level 2. HP: 15/21 MP: 0/0
   658 | D:1      | Reached skill level 3 in Spellcasting
  1089 | D:1      | Found a faded altar of an unknown god.
  1207 | D:1      | Reached XP level 3. HP: 19/25 MP: 0/0
  1207 | D:1      | Learned a level 1 spell: Summon Small Mammal
  2897 | D:3      | Reached XP level 4. HP: 30/31 MP: 0/0
  2924 | D:3      | Found a blossoming altar of Fedhas.
  3596 | D:3      | Noticed Terence
  4277 | D:4      | Reached skill level 4 in Spellcasting
  4503 | D:4      | Reached XP level 5. HP: 31/35 MP: 0/0
  4503 | D:4      | Learned a level 2 spell: Static Discharge
  5518 | D:4      | Noticed Sigmund
  6356 | D:3      | Killed Terence
  6357 | D:3      | Reached XP level 6. HP: 24/40 MP: 0/0
  6609 | D:4      | Reached skill level 5 in Spellcasting
  6864 | D:4      | Killed Sigmund
  6865 | D:4      | Reached XP level 7. HP: 34/45 MP: 0/0
  6865 | D:4      | Learned a level 2 spell: Searing Ray
  6975 | D:5      | Entered Level 5 of the Dungeon
  7190 | D:5      | Reached skill level 6 in Spellcasting
  7418 | D:5      | Reached skill level 1 in Fighting
  7608 | D:5      | Identified the Disquisition on Ignition and the Traveller
  7809 | D:5      | Reached XP level 8. HP: 44/56 MP: 0/0
  8357 | D:6      | Found a glowing golden altar of the Shining One.
  8440 | D:6      | Reached skill level 5 in Fighting
  8480 | D:6      | Reached skill level 5 in Dodging
  8539 | D:6      | Reached XP level 9. HP: 42/66 MP: 0/0
  8539 | D:6      | Learned a level 3 spell: Tukima's Dance
  8722 | D:6      | Found a glowing drain.
  8731 | Sewer    | Entered a sewer
 10293 | D:6      | Found an iron altar of Okawaru.
 10668 | D:7      | Found a staircase to the Ecumenical Temple.
 10754 | Temple   | Entered the Ecumenical Temple
 11017 | Temple   | Became a worshipper of Makhleb the Destroyer
 11091 | D:7      | Noticed Harold
 11097 | D:7      | Killed Harold
 11098 | D:7      | Reached skill level 7 in Spellcasting
 11098 | D:7      | Reached XP level 10. HP: 63/73 MP: 0/0
 11472 | D:7      | Reached skill level 8 in Spellcasting
 12117 | D:7      | Found a large runed translucent door.
 12117 | D:7      | Found a large runed translucent door.
 12121 | D:7      | Noticed Froggeryz's ghost (novice DsGl)
 12294 | D:7      | Killed Froggeryz's ghost
 12945 | D:8      | Found a shimmering altar of Xom.
 12954 | D:8      | Found a shimmering altar of Xom.
 12955 | D:8      | Found a shimmering altar of Xom.
 12957 | D:8      | Found a shimmering altar of Xom.
 12957 | D:8      | Found a shimmering altar of Xom.
 12969 | D:8      | Found a shimmering altar of Xom.
 13613 | D:8      | Reached skill level 9 in Spellcasting
 13738 | D:8      | Noticed a wolf spider
 13851 | D:8      | Reached * piety under Makhleb
 14097 | D:8      | Noticed a black mamba
 14327 | D:9      | Found a stormy altar of Qazlal.
 14327 | D:9      | Noticed a green ugly thing
 14389 | D:8      | Killed a green ugly thing
 14704 | D:9      | Noticed a boulder beetle
 14724 | D:9      | Killed a boulder beetle
 14725 | D:9      | Reached skill level 10 in Spellcasting
 14725 | D:9      | Reached XP level 11. HP: 70/79 MP: 0/0
 14725 | D:9      | Learned a level 5 spell: Yara's Violent Unravelling
 15130 | D:9      | You are sucked into a shaft and drop 2 floors!
 15135 | D:10     | Entered Level 10 of the Dungeon
 15138 | D:10     | Found a staircase to the Lair.
 15639 | D:10     | Noticed Grum
 15642 | D:10     | Reached skill level 11 in Spellcasting
 15642 | D:10     | Killed Grum
 15973 | D:9      | Reached ** piety under Makhleb
 16047 | D:9      | Found a sparkling altar of Nemelex Xobeh.
 16136 | D:9      | Noticed Erica
 16143 | D:9      | Killed Erica
 17190 | Lair:1   | Entered Level 1 of the Lair of Beasts
 17576 | Lair:1   | Noticed an eight-headed hydra
 17581 | Lair:1   | Killed an eight-headed hydra
 17582 | Lair:1   | Reached skill level 12 in Spellcasting
 17634 | Lair:1   | Reached XP level 12. HP: 80/85 MP: 0/0
 18392 | Lair:2   | You are sucked into a shaft and drop 1 floor!
 18740 | Lair:2   | Reached skill level 13 in Spellcasting
 19397 | Lair:3   | Noticed Leupn's ghost (journeyman GnSk)
 19418 | Lair:3   | Found a runed translucent gate.
 19418 | Lair:3   | Found a runed translucent gate.
 19418 | Lair:3   | Found a runed translucent gate.
 19527 | Lair:3   | Reached *** piety under Makhleb
 19591 | Lair:3   | Killed Leupn's ghost
 19622 | Lair:3   | Identified the ring of Xom's Capriciousness {Fire rCorr
                  | Dex+4}
 19648 | Lair:3   | Identified the ring "Arya" {Wiz Int+8}
 19791 | Lair:3   | Reached XP level 13. HP: 90/90 MP: 0/0
 19791 | Lair:3   | Learned a level 5 spell: Agony
 20071 | Lair:3   | Found a staircase to the Shoals.
 20739 | Lair:4   | Identified the +0 robe of Watchfulness {Dex+2}
 20928 | Lair:4   | Reached **** piety under Makhleb
 20938 | Lair:4   | Reached skill level 10 in Dodging
 21291 | Lair:4   | Found a hole to the Spider Nest.
 21461 | Lair:4   | Reached skill level 10 in Fighting
 22385 | Lair:5   | Noticed a six-headed hydra
 22389 | Lair:5   | Killed a six-headed hydra
 22458 | Lair:5   | Reached skill level 14 in Spellcasting
 22469 | Lair:5   | Reached XP level 14. HP: 82/103 MP: 0/0
 22641 | Lair:5   | Found a runed translucent door.
 22645 | Lair:5   | Noticed Kiguq's ghost (journeyman VSSu)
 22665 | Lair:5   | Killed Kiguq's ghost
 22666 | Lair:5   | Reached skill level 1 in Maces & Flails
 22666 | Lair:5   | Reached skill level 1 in Armour
 22685 | Lair:5   | Reached ***** piety under Makhleb
 22965 | Lair:5   | Found a staircase to the Slime Pits.
 23334 | Lair:5   | Reached skill level 5 in Maces & Flails
 23754 | Lair:6   | Entered Level 6 of the Lair of Beasts
 23774 | Lair:6   | Noticed Nessos
 23871 | Lair:6   | Noticed Kirke
 23920 | Lair:6   | Killed Nessos
 23923 | Lair:6   | Reached skill level 5 in Armour
 25762 | Lair:6   | Reached XP level 15. HP: 105/107 MP: 0/0
 25762 | Lair:6   | Learned a level 6 spell: Conjure Ball Lightning
 26650 | D:11     | Noticed Nergalle
 26653 | D:11     | Noticed Psyche
 26656 | D:11     | Killed Nergalle
 26657 | D:11     | Killed Psyche
 26695 | D:11     | Found a broken altar of Ashenzari.
 26712 | D:11     | Noticed Erolcha
 26724 | D:11     | Killed by an exploding ball lightning

Illustrated notes

Levels and vault maps discovered:
D:1:      erik_arrival_blinker_ship, layout_loops_ring,
          hellmonk_ecumenical_altar_inner_sanctum, minmay_surrounded
D:2:      layout_loops_ring
D:3:      layout_loops_cross, lemuel_crystal_altar, uniq_terence
D:4:      layout_basic, serial_undead, serial_undead_a, serial_undead_e,
          serial_undead_f, serial_undead_b, minmay_lizard_king, uniq_sigmund
D:5:      layout_basic, grunt_ministairs_9
D:6:      layout_basic, kennysheep_mini, general_overflow_altar,
          portal_sewer_entry_f, water_boxes_lemuel
D:7:      layout_loops_corners, minmay_temple_entry_waves,
          ebering_ghost_disaster_area, corexii_checkpoint_a, uniq_harold
D:8:      layout_cave_pods, xom_shifter_show
D:9:      layout_roguey, hangedman_feature_mirror, grunt_decor_mini_mirrors,
          fountainhead, lemuel_old_faithful, uniq_erica
D:10:     layout_loops_corners, lair_entry_dummy,
          chequers_serial_rivers_small_a, uniq_grum
D:11:     layout_rooms, ashenzari_altar_1, uniq_erolcha, uniq_psyche,
          uniq_nergalle
Temple:   dpeg_five_rooms_temple
Lair:1:   layout_regular_city, basic_altar, grunt_megastairs_3
Lair:2:   layout_loops_ring
Lair:3:   layout_gridlike, elwin_shoals_entry_rooms, gammafunk_ghost_icy,
          amcnicky_mini_pool_medium, minmay_lair_oklob_chamber
Lair:4:   layout_regular_city, nicolae_spider_entry_non_spiders
Lair:5:   layout_small_grid, minmay_slime_entry_oklob_open,
          hellmonk_ghost_happy_afterlife, minmay_lair_drake_nest
Lair:6:   hangedman_lair_caniforms_friends, layout_gridlike, uniq_nessos,
          uniq_kirke

Skill      XL: |  1  2  3  4  5  6  7  8  9 10 11 12 13 14 |
---------------+-------------------------------------------+-----
Spellcasting   | 3 4 5 6 7 10 12 13 14 | 14.8
Fighting       | 3 5 6 7 10 | 10.1
Dodging        | 5 6 7 10 | 10.4
Maces & Flails | 8 |  8.7
Armour         | 7 |  7.1
Stealth        | |  1.5

Action                   |  1- 3 |  4- 6 |  7- 9 | 10-12 | 13-15 || total
-------------------------+-------+-------+-------+-------+-------++-------
Melee: Unarmed           |     4 |       |    18 |       |    23 ||    45
       Falchion          |       |       |    15 |     3 |    12 ||    30
 Cast: Foxfire           |    94 |   115 |    84 |    35 |    25 ||   353
       Summon Small Mamm |       |     9 |    31 |   149 |   173 ||   362
       Conjure Flame     |       |     3 |       |     5 |     1 ||     9
       Inner Flame       |       |     4 |    23 |   123 |   154 ||   304
       Static Discharge  |       |     1 |       |     2 |       ||     3
       Searing Ray       |       |       |    13 |    11 |     2 ||    26
       Tukima's Dance    |       |       |     6 |     7 |       ||    13
       Sticky Flame      |       |       |     5 |    19 |    26 ||    50
       Fireball          |       |       |     1 |    66 |   146 ||   213
       Yara's Violent Un |       |       |       |     1 |       ||     1
       Agony             |       |       |       |       |     5 ||     5
       Conjure Ball Ligh |       |       |       |       |    14 ||    14
Evoke: Wand              |       |       |     1 |       |       ||     1
  Use: Scroll            |     4 |     5 |     6 |     5 |    10 ||    30
       Potion            |       |       |       |     1 |     2 ||     3
 Stab: Sleeping          |     1 |       |       |       |       ||     1
Armor: Robe              |     2 |    12 |    12 |     6 |       ||    32
       Steam dragon scal |       |       |       |    12 |    22 ||    34
       Acid dragon scale |       |       |       |       |     7 ||     7
Dodge: Dodged            |     9 |    42 |    44 |    58 |   148 ||   301
       Rpst.: Falchion   |       |       |       |    16 |    21 ||    37

Table legend: (Time is in decaauts)
 A = Elapsed time spent in this place.
 B = Non-inter-level travel time spent in this place.
 C = Inter-level travel time spent in this place.
 D = Time resting spent in this place.
 E = Time spent auto-exploring this place.
 F = Levels seen in this place.
 G = Mean time per level.
                   A        B        C        D        E       F      G
               +--------+--------+--------+--------+--------+-----+--------+
         Total |  26736 |  25493 |   1243 |   9574 |  11153 |  19 | 1407.2 |
       Dungeon |  16064 |  15332 |    732 |   6152 |   6764 |  11 | 1460.4 |
        Temple |    294 |    263 |     31 |      0 |    261 |   1 |  294.0 |
          Lair |   9406 |   8926 |    480 |   2812 |   3907 |   6 | 1567.7 |
         Sewer |    971 |    971 |      0 |    610 |    221 |   1 |  971.0 |
               +--------+--------+--------+--------+--------+-----+--------+

Top non-repeatable levels by time:
  Lair:5: 2103 daAuts
  Lair:6: 2071 daAuts
     D:7: 1967 daAuts
     D:3: 1928 daAuts
     D:4: 1920 daAuts
     D:8: 1755 daAuts
     D:1: 1716 daAuts
  Lair:4: 1641 daAuts
    D:10: 1521 daAuts
     D:2: 1478 daAuts
  Lair:3: 1323 daAuts
     D:6: 1287 daAuts
     D:5: 1229 daAuts
  Lair:1: 1227 daAuts
     D:9: 1139 daAuts
